 Dungeon Crawl Stone Soup version 0.17.0-9-g801d43b (webtiles) character file.

625 4thArraOfDagon the Skirmisher (level 7, -1/74 HPs)
             Began as an Ogre Arcane Marksman on Nov 9, 2015.
             Was an Initiate of Cheibriados.
             Slain by an orc
             ... wielding a +0 war axe
              (12 damage)
             ... on level 4 of the Dungeon.
             The game lasted 00:09:37 (1586 turns).

4thArraOfDagon the Skirmisher (OgAM)                Turns: 1586, Time: 00:09:37

Health: -1/74      AC:  3    Str: 18      XL:     7   Next: 47%
Magic:  8/8        EV: 10    Int:  8 (10) God:    Cheibriados [......]
Gold:   147        SH:  0    Dex: 10      Spells: 1 memorised, 7 levels left

rFire  . . .     SeeInvis .       - Unarmed
rCold  + . .     Clarity  .     c - +0 robe
rNeg   . . .     SustAt   .     (no shield)
rPois  .         Gourm    .     (helmet restricted)
rElec  .         Spirit   .     (no cloak)
rCorr  .         Warding  .     (gloves unavailable)
rMut   .         Stasis   .     (boots unavailable)
MR     .....                    (no amulet)
Stlth  +.........               s - ring of protection from cold
                                l - -5 ring of intelligence (curse)

@: very slow, not resistant to hostile enchantments, very unstealthy
A: unfitting armour, tough skin 1
a: Bend Time, Renounce Religion


You were on level 4 of the Dungeon.
You worshipped Cheibriados.
Cheibriados was noncommittal.
You were not hungry.

You visited 2 branches of the dungeon, and saw 8 of its levels.

You collected 147 gold pieces.

Inventory:

Hand Weapons
 f - a +1 spear
Missiles
 b - a throwing net (quivered)
 o - 26 stones
 t - 3 javelins
Armour
 c - a +0 robe (worn)
Jewellery
 l - a cursed -5 ring of intelligence (left hand)
 s - a ring of protection from cold (right hand)
Wands
 h - a wand of teleportation (2)
 v - a wand of enslavement (18)
Scrolls
 r - a scroll of immolation
Potions
 k - a potion of degeneration
Books
 d - a book of Debilitation

   Spells                             Type                      Level
   a - Corona                         Hexes                        1
   b - Slow                           Hexes                        2
   c - Gell's Gravitas                Hexes/Translocation          3
   d - Inner Flame                    Hexes/Fire                   3
   e - Cause Fear                     Hexes                        4
   f - Leda's Liquefaction            Hexes/Earth                  4
 g - a book of Envenomations

   Spells                             Type                      Level
   a - Spider Form                    Transmutation/Poison         3
   b - Alistair's Intoxication        Transmutation/Poison         4
   c - Olgreb's Toxic Radiance        Poison                       4
   d - Poisonous Cloud                Conjuration/Poison/Air       6
 y - a book of the Sky

   Spells                             Type                      Level
   a - Summon Lightning Spire         Summoning/Air                4
   b - Airstrike                      Air                          4
   c - Silence                        Hexes/Air                    5
   d - Deflect Missiles               Charms/Air                   6
   e - Conjure Ball Lightning         Conjuration/Air              6
   f - Tornado                        Air                          9
Comestibles
 a - 2 fruits
 e - 4 bread rations
 j - a meat ration
 u - a slice of pizza


   Skills:
 + Level 5.9 Fighting
 - Level 2.0 Throwing
 + Level 1.9 Dodging
 * Level 5.6 Unarmed Combat
 - Level 1.2 Spellcasting
 - Level 2.1 Hexes
 + Level 0.4 Invocations


You had 7 spell levels left.
You knew the following spells:

 Your Spells              Type           Power        Failure   Level  Hunger
a - Corona                Hex            #......      21%         1    ##.....


Dungeon Overview and Level Annotations

Branches:
Dungeon (7/15)             Temple (1/1) D:4

Altars:
Cheibriados
Makhleb
Okawaru
Qazlal
Ru
Trog
Vehumet
Xom
Yredelemnul
Zin

Annotations:
D:5 Edmund


Innate Abilities, Weirdness & Mutations

You are too large for most types of armour.
You have tough skin (AC +1).


Message History

Drink which item? (? for menu, Esc to quit)
It was a potion of degeneration.
There was something very wrong with that liquid.
You feel dopey. The jackal misses you.
The jackal bites you but does no damage.
Unknown command.
You barely miss the jackal.
The jackal bites you but does no damage.
You closely miss the jackal.
The jackal bites you but does no damage.
You closely miss the orc. The jackal bites you.
* * * LOW HITPOINT WARNING * * *
The orc hits you with a war axe!
* * * LOW HITPOINT WARNING * * *
You hit the orc.
The orc is almost dead.
The jackal barely misses you. x2
The orc hits you with a war axe!
You die...

#.........[...#
#...#...>...#.#
#....[........##
#...#.......#..#
#.#............#######
#.#.#.#.#.#h#........#
..#.......h...#..(...#
##
########.####......#
#..h@o......#
######..(.!.# #......+
#......# #.....(#
######(# ..


You could see an orc and a jackal.

Vanquished Creatures
  A hippogriff (D:7)
  2 giant frogs
  A giant frog zombie (D:4)
  3 orc priests
  A hound (D:4)
  2 worker ants
  A giant frog skeleton (D:6)
  A killer bee zombie (D:7)
  A hound zombie (D:7)
  4 adders
  An adder skeleton (D:4)
  6 orcs
  3 giant cockroaches
  3 goblins
  A hobgoblin (D:3)
  A jackal (D:4)
  A quokka (D:7)
  A ball python (D:6)
  2 bats
  4 giant newts
  2 kobolds
42 creatures vanquished.

Vanquished Creatures (collateral kills)
  An iguana (D:7)
  An orc (D:7)
2 creatures vanquished.

Grand Total: 44 creatures vanquished

Notes
Turn   | Place    | Note
--------------------------------------------------------------
     0 | D:1      | 4thArraOfDagon the Ogre Arcane Marksman began the quest for the Orb.
     0 | D:1      | Reached XP level 1. HP: 19/19 MP: 2/2
    31 | D:2      | Reached skill level 1 in Unarmed Combat
    31 | D:2      | Reached XP level 2. HP: 26/28 MP: 3/3
   121 | D:2      | Found an iron altar of Okawaru.
   121 | D:2      | Found a stormy altar of Qazlal.
   206 | D:3      | Reached XP level 3. HP: 18/36 MP: 4/4
   362 | D:5      | Entered Level 5 of the Dungeon
   422 | D:6      | Found a glowing drain.
   525 | D:6      | Noticed a giant frog
   525 | D:6      | Noticed a phantom
   557 | D:6      | Reached skill level 3 in Fighting
   557 | D:6      | Reached XP level 4. HP: 35/45 MP: 5/5
   575 | D:7      | Noticed a hippogriff
   592 | D:7      | Killed a hippogriff
   592 | D:7      | Reached skill level 4 in Fighting
   592 | D:7      | Reached XP level 5. HP: 40/55 MP: 6/6
   622 | D:7      | Reached XP level 6. HP: 52/63 MP: 7/7
   707 | D:7      | Noticed a giant frog
   897 | D:7      | Found a shimmering altar of Xom.
   989 | D:7      | Noticed a phantom
  1023 | D:7      | Killed a giant frog
  1118 | D:5      | Reached skill level 5 in Fighting
  1159 | D:5      | Reached skill level 5 in Unarmed Combat
  1269 | D:5      | Reached XP level 7. HP: 64/72 MP: 8/8
  1297 | D:5      | Noticed Edmund
  1447 | D:4      | Found a staircase to the Ecumenical Temple.
  1460 | Temple   | Entered the Ecumenical Temple
  1506 | Temple   | Became a worshipper of Cheibriados the Contemplative
  1549 | D:4      | Noticed a giant frog
  1571 | D:4      | Killed a giant frog
  1586 | D:4      | Slain by an orc

Action                   |  1- 3 |  4- 6 |  7- 9 || total
-------------------------+-------+-------+-------++-------
Melee: Unarmed           |    10 |    48 |    54 ||   112
       Spear             |    60 |       |       ||    60
Throw: Large rock        |    10 |    17 |     9 ||    36
       Throwing net      |       |     2 |     1 ||     3
       Javelin           |       |     4 |       ||     4
Evoke: Wand              |       |     2 |       ||     2
  Use: Scroll            |       |     7 |       ||     7
       Potion            |       |     5 |     2 ||     7
 Stab: Distracted        |       |     1 |       ||     1
  Eat: Chunk             |       |     1 |       ||     1
       Royal jelly       |       |       |     1 ||     1
